 Dungeon Crawl Stone Soup version 0.22.1-2-g9c5b331 (webtiles) character file.

191 Fuodd the Chopper (level 5, -2/47 HPs)
             Began as a Hill Orc Fighter on Nov 25, 2018.
             Killed from afar by an orc wizard (8 damage)
             ... with a puff of flame
             ... on level 4 of the Dungeon.
             The game lasted 00:13:17 (3179 turns).

Fuodd the Chopper (Hill Orc Fighter)                Turns: 3179, Time: 00:13:17

Health: -2/47      AC: 11    Str: 20    XL:     5   Next: 70%
Magic:  5/5        EV:  3    Int:  8    God:
Gold:   83         SH:  9    Dex: 10    Spells: 4/4 levels left

rFire    . . .     SeeInvis .   a - +0 war axe
rCold    . . .     Gourm    .   c - +0 shield
rNeg     . . .     Faith    .   j - +0 plate armour
rPois    .         Spirit   .   (no helmet)
rElec    .         Reflect  .   (no cloak)
rCorr    .         Harm     .   (no gloves)
MR       .....                  (no boots)
Stlth    ..........             (no amulet)
HPRegen  0.15/turn              (no ring)
MPRegen  0.09/turn              (no ring)

@: drained
A: no striking features
a: no special abilities


You were on level 4 of the Dungeon.
You were near starving.

You visited 1 branch of the dungeon, and saw 4 of its levels.

You collected 83 gold pieces.

Inventory:

Hand Weapons
 a - a +0 war axe (weapon)
 o - a +1 falchion of holy wrath
 t - a +1 mace of holy wrath
 u - a +2 mace of protection
Missiles
 i - 119 stones (quivered)
Armour
 c - a +0 shield (worn)
 j - a +0 plate armour (worn)
 p - a cursed +0 helmet
Jewellery
 s - a cursed ring of teleportation {unknown}
Scrolls
 b - a scroll of random uselessness {unknown}
 e - 8 scrolls of identify {unknown}
 h - 2 scrolls of blinking {unknown}
 l - a scroll of amnesia {unknown}
 n - a scroll of enchant armour {unknown}
 q - 3 scrolls of remove curse {unknown}
Potions
 d - 2 potions of might
 g - 2 potions of lignification {unknown}
 k - a potion of resistance {unknown}
 m - a potion of curing {unknown}
 r - a potion of haste {unknown}
Comestibles
 f - 3 rations


   Skills:
 + Level 4.5(4.2) Fighting
 + Level 5.3(4.9) Axes
 + Level 3.9(3.6) Armour
 + Level 0.3(0.0) Dodging
 + Level 0.1(0.0) Stealth
 + Level 4.2(3.9) Shields


You had 4 spell levels left.
You didn't know any spells.
Your spell library contained the following spells:

 Spells                   Type           Power        Failure   Level  Hunger
 Confusing Touch          Hex            #.....       100%        1    ##.....
 Confuse                  Hex            #.......     100%        3    ####...
 Gell's Gravitas          Tloc           #.........   100%        3    ####...
 Petrify                  Tmut/Erth      #.......     100%        4    #####..
 Metabolic Englaciation   Hex/Ice        #.........   100%        5    ######.
 Yara's Violent Unravell  Hex/Tmut       #.........   100%        5    ######.


Dungeon Overview and Level Annotations

Branches:
Dungeon (4/15)
 Temple: D:4-7

Altars:
Dithmenos
Fedhas
Makhleb

Annotations:
D:2 exclusion: oklob plant


Message History

The orc wizard flickers and vanishes!
You hear some strange, mumbled words.
Something tries to affect you, but you resist.
The iguana bites you but does no damage.
You feel less confused. Something hits you but does no damage.
A puff of flame appears from out of thin air!
The puff of flame hits you!
* * * LOW HITPOINT WARNING * * *
You hit the iguana.
The iguana is moderately wounded.
You miss something.
You hear some strange, mumbled words.
A puff of flame appears from out of thin air!
You block the puff of flame.
The iguana bites you but does no damage.
You hear some strange, mumbled words.
A puff of flame appears from out of thin air!
The puff of flame hits you!
You die...

########...
#...#....#
...#....#
#..#....#
####'##....#
#..........#
#.<.....)..#
#.l{.......#
#.@o...)...#
##########....
..... .... ...
...


You could see an iguana and an orc.

Vanquished Creatures
  Crazy Yiuf (D:3)
  Robin (D:2)
  4 adders (D:2)
  A river rat (D:3)
  A dart slug (D:1)
  4 leopard geckos
  6 orcs
  7 bats
  6 giant cockroaches
  14 goblins
  14 hobgoblins
  6 jackals
  8 kobolds
  A quokka (D:2)
  A ball python (D:2)
  6 frilled lizards
  8 rats
89 creatures vanquished.

Notes
Turn   | Place    | Note
-------+----------+-------------------------------------------
     0 | D:1      | Fuodd the Hill Orc Fighter began the quest for the Orb.
     0 | D:1      | Reached XP level 1. HP: 19/19 MP: 1/1
    81 | D:1      | Reached XP level 2. HP: 23/27 MP: 2/2
   193 | D:1      | Reached skill level 3 in Axes
   273 | D:1      | Reached XP level 3. HP: 33/33 MP: 3/3
   625 | D:2      | Noticed a phantom
   904 | D:2      | Reached skill level 4 in Axes
   904 | D:2      | Reached XP level 4. HP: 27/40 MP: 4/4
  1256 | D:2      | Found a burning altar of Makhleb.
  1583 | D:2      | Found a blossoming altar of Fedhas.
  1595 | D:2      | Noticed an oklob plant
  1927 | D:3      | Noticed Robin
  1951 | D:2      | Killed Robin
  1958 | D:2      | Reached XP level 5. HP: 31/47 MP: 5/5
  2557 | D:3      | Reached skill level 5 in Axes
  2716 | D:3      | Found a shadowy altar of Dithmenos.
  2780 | D:3      | Found a runed door.
  2784 | D:3      | Noticed Crazy Yiuf
  2794 | D:3      | Killed Crazy Yiuf
  3179 | D:4      | Killed from afar by an orc wizard

Skill      XL: |  1  2  3  4  5 |
---------------+----------------+-----
Axes           | 3 4 5 |  5.3
Fighting       | 4 |  4.5
Shields        | 4 |  4.2
Armour         | |  3.9
Dodging        | |  0.3
Stealth        | |  0.1

Action                   |  1- 3 |  4- 6 || total
-------------------------+-------+-------++-------
Melee: War axe           |   108 |   148 ||   256
  Eat: Chunk             |       |     6 ||     6
Armor: Scale mail        |    30 |       ||    30
       Plate armour      |    10 |   137 ||   147
Dodge: Dodged            |    32 |    24 ||    56
Block: Shield            |    68 |    85 ||   153
